 Dungeon Crawl Stone Soup version 0.31-a0-1496-g79c7dd0eeb (webtiles) character file.

Game seed: 3166568834274300530

84 graki42 the Magician (level 4, 0/24 HPs)
             Began as a Deep Elf Alchemist on Dec 29, 2023.
             Slain by an orc
             ... wielding a +0 war axe
              (9 damage)
             ... on level 2 of the Dungeon.
             The game lasted 00:05:27 (1990 turns).

graki42 the Magician (Deep Elf Alchemist)           Turns: 1990, Time: 00:05:28

Health: 0/24       AC:  2    Str:  7    XL:     4   Next: 23%
Magic:  11/12      EV: 12    Int: 20    God:
Gold:   121        SH:  0    Dex: 15    Spells: 5/11 levels left

rFire   . . .        m - +1 dagger (venom)
rCold   . . .        (no shield)
rNeg    . . .        a - +0 robe
rPois   .            (no helmet)
rElec   .            (no cloak)
rCorr   +            (no gloves)
SInv    .            (no boots)
Will    .....        (no amulet)
Stlth   ++           d - ring of resist corrosion
HPRegen 0.24/turn    i - ring of flight
MPRegen 0.13/turn

%: no passive effects
@: flying
A: no striking features
a: no special abilities


You were on level 2 of the Dungeon.
You visited 1 branch of the dungeon, and saw 3 of its levels.

You collected 121 gold pieces.

Inventory:

Hand Weapons
 m - a +1 dagger of venom (weapon)
Armour
 a - a +0 robe (worn)
Jewellery
 d - a ring of resist corrosion (left hand)
 i - a ring of flight (right hand)
Scrolls
 c - a scroll of noise {unknown}
 h - a scroll of vulnerability {unknown}
 l - a scroll of fear {unknown}
 n - a scroll of torment {unknown}
Potions
 b - a potion of magic
 e - 3 potions of brilliance {unknown}
 f - a potion of ambrosia {unknown}
 g - 2 potions of attraction {unknown}
 j - 2 potions of enlightenment {unknown}
 k - 2 potions of curing {unknown}


   Skills:
 - Level 2.4 Dodging
 - Level 2.4 Stealth
 + Level 4.2 Spellcasting
 + Level 2.7 Conjurations
 + Level 0.3 Air Magic
 + Level 4.1 Alchemy


You had 5 spell levels left.
You knew the following spells:

 Your Spells              Type           Power      Damage    Failure   Level
a - Sting                 Conj/Alch      72%        1d7       3%          1
b - Mercury Vapours       Alch/Air       26%        N/A       8%          2
c - Mephitic Cloud        Conj/Alch/Air  13%        N/A       14%         3

Your spell library contained the following spells:

 Spells                   Type           Power      Damage    Failure   Level
 Olgreb's Toxic Radiance  Alch           20%        N/A       22%         4
 Sticky Flame             Fire/Alch      12%        2d5       47%         4


Dungeon Overview and Level Annotations

Branches:
Dungeon (3/15)

Altars:

Shops:
D:1 :


Message History

Casting: Sting (safe; 3% risk of failure)
Confirm with . or Enter, or press ? or * to list all spells.
Aiming: Mercury Vapours (safe; 8% risk of failure)
Press: ? - help, Dir - move target, f - orc wizard
Aim: an orc wizard, wielding a +0 dagger and wearing a +0 robe (chance to weaken: 100%) Fumes of mercury billow around the orc wizard!
The orc wizard is poisoned.
The orc wizard looks weaker.
The orc wizard casts a spell at you.
You are confused.
You're too confused to cast spells.
Sorry, you're not good enough to have a special ability.
Unknown command.
You're too confused to cast spells.
Sorry, you're not good enough to have a special ability.
An orc comes into view. It is wielding a +0 war axe.
The orc shouts!
The orc wizard completely misses you.
An orc wizard comes into view. It is wielding a +0 dagger.
The orc wizard hits you with a +0 dagger.
The orc wizard shouts!
The orc wizard gestures wildly while chanting.
The orc wizard flickers and vanishes!
Deactivating autopickup; reactivate with Ctrl-A.
You hear a shout!
An orc comes into view. It is wielding a +0 trident.
You feel less confused. Something hits you but does no damage.
The orc misses you. Something hits you. The orc hits you with a +0 war axe.
You fly upwards.
Reactivating autopickup.
There is a stone staircase leading down here.
You hear some strange, mumbled words.
Deactivating autopickup; reactivate with Ctrl-A.
Something tries to affect you, but you resist.
The orc attacks as it pursues you! The orc hits you with a +0 war axe.
Something hits you.
A magic dart appears from out of thin air!
The magic dart hits you! The orc attacks as it pursues you!
The orc hits you with a +0 war axe!
You die...

#.# #.# ##<### #.# #####.# #.#
# #.# #.....# #.# # #.#
#########.###.# #.### #.#
#.............####.##. #.#
#.###.###.###.##......
#.#######.###.#.....#....#..#.
#.....[.......#..>).#.....#...
####..###.#.[@o{..[.....#..#..
#..##......#.....#.#..#..#.
#..##......#.....#.#...#...
#...#.####)###.###.#.#..#..
#.#.#.# #..†.........#..#.
#.#.#.# #..##.####....#...
#.#.#.# ##.##.# #...#..#..
#.#.#.# #.##.# ##...#..#.
#.#.#.# #.##.# #....#...


You could see an orc.

Vanquished Creatures
  3 adders
  3 worms (D:2)
  A dart slug (D:1)
  3 orcs
  6 ball pythons
  4 bats
  2 endoplasms
  2 giant cockroaches (D:2)
  4 goblins (D:2)
  3 hobgoblins
  A jackal (D:2)
  A quokka (D:1)
  2 frilled lizards
  3 kobolds (D:1)
  5 rats
43 creatures vanquished.

Notes
Turn   | Place    | Note
-------+----------+-------------------------------------------
     0 | D:1      | graki42 the Deep Elf Alchemist began the quest for the Orb.
     0 | D:1      | Reached XP level 1. HP: 10/10 MP: 6/6
   315 | D:1      | Reached XP level 2. HP: 15/15 MP: 6/8
   675 | D:1      | Found Jufopleemyvu's Book Boutique.
   701 | D:1      | Learned a level 2 spell: Mercury Vapours
   873 | D:2      | Reached XP level 3. HP: 19/19 MP: 3/10
  1414 | D:2      | Learned a level 3 spell: Mephitic Cloud
  1870 | D:3      | Reached XP level 4. HP: 24/24 MP: 10/12
  1990 | D:2      | Slain by an orc

Illustrated notes

Levels and vault maps discovered:
D:1:      minmay_arrival_open_corners, layout_basic, serial_shops,
          nicolae_shop_hallway_stairs
D:2:      layout_loops_ring, st_stairs_3, minmay_misc_feat_diagonals,
          minmay_pentomino_r4
D:3:      layout_loops_ring, gammafunk_temple_overflow_claw,
          grunt_dithmenos_smoke_and_mirrors,
          grunt_temple_overflow_champion_of_chaos, fedhas_altar_4,
          hellmonk_ecumenical_altar_pennies_from_heaven, serial_shops, shop,
          minmay_tree_intersection

Skill      XL: |  1  2  3 |
---------------+----------+-----
Conjurations   | 2 |  2.7
Spellcasting   | 4 |  4.2
Alchemy        | 4 |  4.1
Dodging        | |  2.4
Stealth        | |  2.4
Air Magic      | |  0.3

Action                     |  1- 3 |  4- 6 || total
---------------------------+-------+-------++-------
  Melee: Unarmed           |     1 |       ||     1
         Dagger            |       |     2 ||     2
   Cast: Sting             |    79 |    12 ||    91
         Mercury Vapours   |       |     1 ||     1
 Armour: Robe              |     8 |    15 ||    23
  Dodge: Dodged            |    15 |     8 ||    23

Table legend: (Time is in decaauts)
 A = Elapsed time spent in this place.
 B = Non-inter-level travel time spent in this place.
 C = Inter-level travel time spent in this place.
 D = Time resting spent in this place.
 E = Time spent auto-exploring this place.
 F = Levels seen in this place.
 G = Mean time per level.
                   A        B        C        D        E       F      G
               +--------+--------+--------+--------+--------+-----+--------+
         Total |   1991 |   1921 |     70 |     76 |   1581 |   3 |  663.7 |
       Dungeon |   1991 |   1921 |     70 |     76 |   1581 |   3 |  663.7 |
               +--------+--------+--------+--------+--------+-----+--------+

Top non-repeatable levels by time:
     D:2: 1148 daAuts
     D:1: 807 daAuts
     D:3: 36 daAuts
